[Event "Titled Tuesday Blitz August 24 2021"]
[White "Vazquez, Facundo"]
[Black "Yeletsky, Ivan"]
[WhiteFideId "3007669"]
[BlackFideId "24180327"]
[WhiteElo "1984"]
[BlackElo "2344"]
[Result "0-1"]
[Round "03"]
[TimeControl "180+1"]
[Date "2021.08.24"]
[WhiteClock "0:00:06"]
[BlackClock "0:00:22"]

1. d4 Nf6 2. c4 c6 3. Nc3 d5 4. e3 Bf5 5. Qb3 Qb6 6. c5 Qc7 7. Nf3 Nbd7 8. Be2 e5 9. O-O e4 10. Ne1 b6 11. cxb6 axb6 12. f3 Bd6 13. f4 h5 14. Bd2 h4 15. Rc1 Qb8 16. Nc2 h3 17. g3 Bg4 18. Nb4 Qb7 19. Bxg4 Nxg4 20. Nxc6 Qxc6 21. Nxd5 Qb7 22. Bb4 Rh6 23. Bxd6 Rxd6 24. Nc7+ Ke7 25. Nxa8 Qxa8 26. f5 Kf6 27. Rf4 Nh6 28. g4 Kg5 29. Qc2 Nf6 30. Kh1 Qa6 31. Rd1 Qb5 32. Qf2 Nd5 33. Rxe4 Ng8 34. Re5 Ngf6 35. Qf4+ Nxf4 36. exf4+ Kxf4 37. Rxb5 Nxg4 38. Kg1 Ne3 39. Rd2 f6 40. b4 Rc6 41. Kf2 Ng4+ 42. Ke2 Nxh2 43. d5 Rd6 44. a4 Ng4 45. Kf1 Kg3 46. Kg1 Rd8 47. a5 Re8 0-1


[Site "https://www.chess.com"]

[Event "Titled Tuesday Blitz August 24 2021"]
[White "Vlassov, Nikolai"]
[Black "Tsyhanchuk, Stanislav"]
[WhiteFideId "4103360"]
[BlackFideId "13505130"]
[WhiteElo "2407"]
[BlackElo "2121"]
[Result "1-0"]
[Round "03"]
[TimeControl "180+1"]
[Date "2021.08.24"]
[WhiteClock "0:00:14"]
[BlackClock "0:00:26"]

1. e4 c5 2. c3 Nf6 3. e5 Nd5 4. d4 cxd4 5. cxd4 Nc6 6. Nc3 Nb6 7. f4 d5 8. Be3 h5 9. Bd3 Nb4 10. Bb1 Bg4 11. Nf3 e6 12. O-O Nc4 13. Bc1 Nc6 14. b3 Na3 15. Bd3 Nxd4 16. b4 Bxf3 17. gxf3 Bxb4 18. Qa4+ Nc6 19. Bxa3 Bxc3 20. Rab1 Bd4+ 21. Kh1 Bb6 22. f5 Rh6 23. f4 Rc8 24. fxe6 fxe6 25. f5 Qg5 26. fxe6 Rxe6 27. Rf8+ Kd7 28. Rf7+ Ke8 29. Rbf1 Bd8 30. Rxb7 Be7 31. Bf5 Kf7 32. Bh3+ Ke8 33. Bxe6 1-0


[Site "https://www.chess.com"]

[Event "Titled Tuesday Blitz August 24 2021"]
[White "Yanchenko, Roman"]
[Black "Eynullayev, Altay"]
[WhiteFideId "4137329"]
[BlackFideId "13413562"]
[WhiteElo "2514"]
[BlackElo "2079"]
[Result "1-0"]
[Round "03"]
[TimeControl "180+1"]
[Date "2021.08.24"]
[WhiteClock "0:00:16"]
[BlackClock "0:00:03"]

1. d4 Nf6 2. c4 e6 3. Nf3 b6 4. g3 Ba6 5. b3 Bb4+ 6. Bd2 Be7 7. Bg2 c6 8. O-O d5 9. Qc2 O-O 10. Rd1 Nbd7 11. Bf4 Rc8 12. Nbd2 c5 13. dxc5 Nxc5 14. Qb2 b5 15. cxd5 Nxd5 16. Be5 f6 17. Bd4 e5 18. Bxc5 Bxc5 19. Ne4 Bb6 20. Nh4 Bb7 21. e3 g6 22. Nc3 Bd4 23. Bxd5+ Qxd5 24. Nxd5 Bxb2 25. Ne7+ Kf7 26. Nxc8 Bxc8 27. Rab1 Bc3 28. Rbc1 b4 29. a3 a5 30. axb4 axb4 31. Rd6 Be6 32. Rb1 Ra8 33. Nf3 Ra2 34. Rb6 g5 35. Rb7+ Kg6 36. e4 Bg4 37. Kg2 h5 38. h4 Be6 39. hxg5 fxg5 40. Rb6 Kf6 41. Nxg5 Kxg5 42. Rxe6 Bd4 43. Rf1 Rb2 44. Kh3 Rxb3 45. f4+ exf4 46. Rxf4 h4 47. Rf5# 1-0


[Site "https://www.chess.com"]

[Event "Titled Tuesday Blitz August 24 2021"]
[White "Yaran, Siar"]
[Black "Loy, Konstantin"]
[WhiteFideId "6323006"]
[BlackFideId "14122499"]
[WhiteElo "1977"]
[BlackElo "2084"]
[Result "1/2-1/2"]
[Round "03"]
[TimeControl "180+1"]
[Date "2021.08.24"]
[WhiteClock "0:01:59"]
[BlackClock "0:00:57"]

1. c4 c5 2. Nc3 Nc6 3. g3 g6 4. Bg2 Bg7 5. d3 Nf6 6. Nf3 O-O 7. O-O Rb8 8. Be3 d6 9. h3 a6 10. d4 cxd4 11. Nxd4 Nxd4 12. Bxd4 Bd7 13. Rc1 Bc6 14. Nd5 Bxd5 15. cxd5 Rc8 16. Qd3 Qd7 17. e4 Qb5 18. Qxb5 axb5 19. f4 Nd7 20. Bxg7 Kxg7 21. Kf2 Rc5 22. Rxc5 Nxc5 23. Ke3 b4 24. Ra1 Ra8 25. a3 Nb3 26. Ra2 Nc1 27. Ra1 Nb3 28. Ra2 Nc1 29. Ra1 Nb3 1/2-1/2


[Site "https://www.chess.com"]

[Event "Titled Tuesday Blitz August 24 2021"]
[White "Yoo, Christopher Woojin"]
[Black "Tologon tegin, Semetei"]
[WhiteFideId "30909694"]
[BlackFideId "13800574"]
[WhiteElo "2105"]
[BlackElo "2224"]
[Result "1-0"]
[Round "03"]
[TimeControl "180+1"]
[Date "2021.08.24"]
[WhiteClock "0:00:25"]
[BlackClock "0:00:05"]

1. e4 c5 2. Nf3 d6 3. Nc3 Nf6 4. e5 dxe5 5. Nxe5 a6 6. g3 Nbd7 7. d4 cxd4 8. Qxd4 e6 9. Bf4 Bc5 10. Qc4 Qb6 11. Nd3 Bd4 12. Bg2 e5 13. Bd2 Nc5 14. Nxc5 Qxc5 15. Qxc5 Bxc5 16. O-O O-O 17. Rae1 Bd4 18. Be3 Bf5 19. Bxd4 exd4 20. Ne4 Rac8 21. Nd6 Rc5 22. b4 Rb5 23. Nxb5 axb5 24. Rd1 Rd8 25. Rd2 Ne4 26. Bxe4 Bxe4 27. Rfd1 d3 28. f3 Bf5 29. cxd3 h5 30. d4 Rd5 31. Rc1 Be6 32. Rc5 Rd7 33. Rxb5 Bd5 34. Kf2 g6 35. Rc5 Kg7 36. a4 Kf6 37. a5 Ke6 38. b5 Kd6 39. Rb2 Rd8 40. a6 Ra8 41. axb7 Bxb7 42. b6 Bd5 43. b7 Rb8 44. Rb6+ 1-0


[Site "https://www.chess.com"]

[Event "Titled Tuesday Blitz August 24 2021"]
[White "Zhao, Erick"]
[Black "Terry, Renato"]
[WhiteFideId "30946930"]
[BlackFideId "3803457"]
[WhiteElo "2579"]
[BlackElo "2581"]
[Result "0-1"]
[Round "03"]
[TimeControl "180+1"]
[Date "2021.08.24"]
[WhiteClock "0:01:18"]
[BlackClock "0:01:25"]

1. e4 e6 2. d4 d5 3. Nc3 Nf6 4. exd5 exd5 5. Bd3 Nc6 6. Nge2 Nb4 7. Bb5+ c6 8. Ba4 Bd6 9. O-O O-O 10. a3 Na6 11. b4 Nc7 12. Bg5 Bf5 13. Ng3 Bg6 14. Qf3 Ne6 15. Bxf6 Qxf6 16. Qxf6 gxf6 17. Nce2 b5 18. Bb3 a5 19. c3 Rfe8 20. Rfe1 Ra7 21. h4 h6 22. h5 Bh7 23. Nf1 Rea8 24. Rac1 Ng7 25. Neg3 Bf4 26. Ne3 Bxg3 27. fxg3 Nxh5 28. Kf2 f5 29. Rh1 Nf6 30. Rxh6 Ne4+ 31. Kf3 Nd2+ 32. Kf4 Nxb3 33. Rch1 Bg6 34. Kg5 Nd2 35. Nxf5 Ne4+ 36. Kf4 Bxf5 37. Kxf5 Nxg3+ 0-1


[Site "https://www.chess.com"]

[Event "Titled Tuesday Blitz August 24 2021"]
[White "Zierk, Steven"]
[Black "Sanchez Alvares, Kelvin Antonio"]
[WhiteFideId "2034255"]
[BlackFideId "3906680"]
[WhiteElo "2494"]
[BlackElo "2247"]
[Result "1/2-1/2"]
[Round "03"]
[TimeControl "180+1"]
[Date "2021.08.24"]
[WhiteClock "0:00:14"]
[BlackClock "0:00:10"]

1. e4 c5 2. Nf3 d6 3. d4 cxd4 4. Nxd4 Nf6 5. f3 e5 6. Nb3 a5 7. Be3 a4 8. N3d2 d5 9. Bg5 Be7 10. Bxf6 Bxf6 11. Nc3 d4 12. Nd5 Be6 13. Bb5+ Nc6 14. c4 dxc3 15. Nxf6+ Qxf6 16. bxc3 O-O 17. O-O Rfd8 18. Qe2 Qe7 19. Bxc6 bxc6 20. Qe3 Qa7 21. Qxa7 Rxa7 22. Rfb1 h6 23. Nf1 Rd3 24. Rc1 a3 25. Kf2 Rb7 26. Rc2 f5 27. exf5 Bxf5 28. Re2 Rxc3 29. Rxe5 Rb2+ 30. Kg3 Bg6 31. Ne3 Re2 32. Nc4 Rec2 33. Ne3 Re2 34. Nc4 Bd3 35. Rxe2 Bxe2 36. Nd6 Bd3 37. Kf4 Rc2 38. Rd1 Bg6 39. Nf5 Bxf5 40. Kxf5 Rxg2 41. Rd3 Rxa2 42. h4 Kh7 43. Rc3 Rf2 44. Rxa3 c5 45. Rc3 c4 46. Kf4 Kg6 47. Rxc4 Kh5 48. Kg3 Ra2 49. Rc6 g5 50. hxg5 hxg5 51. Rc5 Ra3 52. Rd5 Rb3 1/2-1/2


[Site "https://www.chess.com"]

[Event "Titled Tuesday Blitz August 24 2021"]
[White "Zubov, Alexander"]
[Black "Wieczorek, Oskar"]
[WhiteFideId "14109409"]
[BlackFideId "1133950"]
[WhiteElo "2740"]
[BlackElo "2258"]
[Result "0-1"]
[Round "03"]
[TimeControl "180+1"]
[Date "2021.08.24"]
[WhiteClock "0:00:07"]
[BlackClock "0:00:08"]

1. d4 Nf6 2. c4 c5 3. d5 b5 4. cxb5 a6 5. bxa6 g6 6. Nc3 Bxa6 7. Nf3 d6 8. Nd2 Bg7 9. e4 Bxf1 10. Nxf1 Nbd7 11. Ne3 Qa5 12. O-O Qa6 13. Qc2 O-O 14. Bd2 Rfb8 15. b3 Ne8 16. a4 Ne5 17. Rab1 Nc7 18. Rfd1 Rb7 19. Be1 Rab8 20. Na2 Ra8 21. f4 Nd7 22. Bc3 Bxc3 23. Nxc3 Rab8 24. Nc4 Nb6 25. Na3 Qa5 26. h3 Qb4 27. Ncb5 Nxb5 28. Nxb5 Na8 29. Kh2 Nc7 30. Nc3 Qa3 31. e5 Rxb3 32. exd6 exd6 33. Ne4 Rxb1 34. Rxb1 Rxb1 35. Qxb1 Qxa4 36. Kg3 Ne8 37. Qd3 Qd7 38. Kf3 Qe7 39. Nf2 f5 40. g4 Qf7 41. gxf5 Qxf5 42. Qe4 Qxe4+ 43. Nxe4 Kf7 44. Ng5+ Kg7 45. Ne4 h6 46. h4 Kf7 47. h5 gxh5 48. f5 Ke7 49. Kf4 Nf6 50. Nc3 h4 51. Kf3 h5 52. Kf4 c4 53. Kf3 Kf7 54. Kf4 Kg7 55. Kf3 Kh7 56. Nb5 Nxd5 57. Nxd6 c3 58. Ke2 h3 59. Ne4 h2 60. Nf2 Kg7 61. Kd3 Kf6 62. Kd4 c2 0-1


[Site "https://www.chess.com"]

[Event "Titled Tuesday Blitz August 24 2021"]
[White "ketster"]
[Black "Murzin, Volodar"]
[BlackFideId "44155573"]
[WhiteElo "2479"]
[BlackElo "2541"]
[Result "1-0"]
[Round "03"]
[TimeControl "180+1"]
[Date "2021.08.24"]
[WhiteClock "0:00:15"]
[BlackClock "0:00:01"]

1. d4 d5 2. c4 c6 3. Nf3 Nf6 4. g3 Bf5 5. Nc3 e6 6. Nh4 Be4 7. f3 Bg6 8. Qb3 Qb6 9. c5 Qc7 10. Bf4 Qc8 11. e4 dxe4 12. Nxg6 hxg6 13. fxe4 Nbd7 14. O-O-O Be7 15. Be2 b6 16. cxb6 Nxb6 17. Kb1 O-O 18. h4 Rd8 19. g4 c5 20. dxc5 Qxc5 21. h5 g5 22. Bc1 Rab8 23. Qb5 Nbd7 24. Qxc5 Nxc5 25. Bxg5 Rdc8 26. Ka1 Nd5 27. Bxe7 Nxe7 28. g5 Nc6 29. h6 Nb4 30. Rd2 Rb6 31. Bb5 1-0


[Site "https://www.chess.com"]

[Event "Titled Tuesday Blitz August 24 2021"]
[White "sganerdene"]
[Black "Timofeev, Artyom"]
[BlackFideId "4140419"]
[WhiteElo "2642"]
[BlackElo "2582"]
[Result "0-1"]
[Round "03"]
[TimeControl "180+1"]
[Date "2021.08.24"]
[WhiteClock "0:00:52"]
[BlackClock "0:00:56"]

1. e4 e6 2. d4 d5 3. Nc3 dxe4 4. Nxe4 Nd7 5. Nf3 Ngf6 6. Bg5 Be7 7. Bxf6 Nxf6 8. Nxf6+ Bxf6 9. Bd3 O-O 10. Qe2 c5 11. O-O-O cxd4 12. Qe4 g6 13. h4 Bd7 14. Nxd4 Qb6 15. c3 Rac8 16. Bc2 e5 17. Nf3 Bf5 18. Qe2 e4 19. Nd4 Bxd4 20. Rxd4 e3 21. fxe3 Bxc2 22. Qxc2 Rfe8 23. Re1 Rc7 24. Kb1 Rce7 25. e4 Qf6 26. h5 Qh4 27. Qd2 Qxh5 28. a3 Qg4 29. Ka2 h5 30. Qf2 a6 31. a4 Rxe4 32. Rexe4 Rxe4 33. Rd8+ Kg7 34. Qc5 Qe6+ 35. b3 Re2+ 36. Ka1 Qe7 37. Qd4+ Qe5 38. Qxe5+ Rxe5 39. Rd7 Rg5 40. Rxb7 Rxg2 41. c4 h4 0-1


[Site "https://www.chess.com"]

[Event "Titled Tuesday Blitz August 24 2021"]
[White "Aldokhin, Ivan"]
[Black "Bortnyk, Olexandr"]
[WhiteFideId "24115720"]
[BlackFideId "14120828"]
[WhiteElo "2306"]
[BlackElo "2723"]
[Result "0-1"]
[Round "04"]
[TimeControl "180+1"]
[Date "2021.08.24"]
[WhiteClock "0:00:02"]
[BlackClock "0:00:13"]

1. e4 e5 2. Nf3 Nc6 3. Bb5 Nge7 4. Nc3 g6 5. d4 exd4 6. Nd5 Bg7 7. Bg5 h6 8. Bf6 Bxf6 9. Nxf6+ Kf8 10. O-O a6 11. Bc4 d6 12. Nxd4 Kg7 13. Nd5 Nxd5 14. Bxd5 Nxd4 15. Qxd4+ Qf6 16. Qb4 a5 17. Qd2 Re8 18. Rae1 Qxb2 19. f4 Qb4 20. c3 Qc5+ 21. Kh1 c6 22. Bb3 Be6 23. Bc2 Bc4 24. Rf3 b5 25. f5 g5 26. f6+ Kg8 27. Rh3 Qe5 28. Rxh6 Re6 29. Rh5 Qxf6 30. Rxg5+ Kf8 31. e5 dxe5 32. Rf5 Qh4 33. Qe3 Rd8 34. Rg1 Bd5 35. Qc5+ Rdd6 36. Qe3 Rh6 37. h3 Qxh3+ 38. Qxh3 Rxh3# 0-1


[Site "https://www.chess.com"]

[Event "Titled Tuesday Blitz August 24 2021"]
[White "Amgalantengis, Enkh-Amgalan"]
[Black "Mitrabha, Guha"]
[WhiteFideId "4903536"]
[BlackFideId "5057000"]
[WhiteElo "1716"]
[BlackElo "2334"]
[Result "0-1"]
[Round "04"]
[TimeControl "180+1"]
[Date "2021.08.24"]
[WhiteClock "0:00:53"]
[BlackClock "0:01:14"]

1. Nf3 d5 2. b3 Bg4 3. Bb2 Bxf3 4. gxf3 Nf6 5. e3 c5 6. f4 Nc6 7. Bb5 g6 8. Bxf6 exf6 9. Nc3 a6 10. Bxc6+ bxc6 11. Ne2 f5 12. h4 h5 13. Rc1 Be7 14. c4 d4 15. Ng1 Bxh4 16. Nf3 Bf6 17. Qe2 Kf8 18. Kf1 Qe7 19. Kg2 Rd8 20. d3 Re8 21. Rce1 Qd6 22. Qc2 Re6 23. exd4 Rxe1 24. Rxe1 cxd4 25. Qd2 Kg7 26. b4 Rb8 27. a3 c5 28. Rb1 Qc6 29. Qe2 Re8 30. b5 axb5 31. cxb5 Qxb5 32. Rxb5 Rxe2 33. Rxc5 Ra2 34. Ra5 Be7 35. a4 Bb4 36. Ra7 Bd2 37. Ng5 Be3 38. Rxf7+ Kg8 39. Ra7 Rxf2+ 40. Kh3 Bxf4 41. Ra8+ Kg7 42. Ne6+ Kf6 43. Nxf4 Rxf4 44. Kg3 Rf1 45. a5 Rd1 46. a6 Rxd3+ 47. Kf2 Kg5 48. Rd8 Ra3 49. Rd6 h4 50. Kg2 d3 51. Kh3 d2+ 52. Kg2 Rxa6 53. Rxd2 Kg4 54. Kh2 f4 55. Rb2 g5 56. Kg2 Ra3 57. Kh2 Re3 58. Rg2+ Kh5 59. Rb2 f3 60. Kh3 g4+ 61. Kh2 Re2+ 0-1


[Site "https://www.chess.com"]

[Event "Titled Tuesday Blitz August 24 2021"]
[White "Andreikin, Dmitry"]
[Black "Costachi, Mihnea"]
[WhiteFideId "4158814"]
[BlackFideId "1217518"]
[WhiteElo "2782"]
[BlackElo "2482"]
[Result "1-0"]
[Round "04"]
[TimeControl "180+1"]
[Date "2021.08.24"]
[WhiteClock "0:00:44"]
[BlackClock "0:00:31"]

1. d4 Nf6 2. c4 g6 3. Nc3 Bg7 4. e4 O-O 5. Be3 d6 6. h3 b6 7. Bd3 c5 8. d5 e6 9. Nf3 exd5 10. exd5 Re8 11. Qd2 Nbd7 12. O-O Ne5 13. Nxe5 Rxe5 14. Bf4 Re8 15. Nb5 Bf8 16. Bg5 Be7 17. Rae1 Bd7 18. Rxe7 Qxe7 19. Nc7 Ne4 20. Bxe4 Qxe4 21. Nxa8 Rxa8 22. Re1 Qxc4 23. Bf6 Qb4 24. Bc3 Qh4 25. Qe3 b5 26. b3 b4 27. Bb2 a5 28. g3 Qxh3 29. Qf4 Re8 30. Rxe8+ Bxe8 31. Qf6 Kf8 32. Qxd6+ Kg8 33. Qf6 Kf8 34. d6 Bb5 35. Qh8# 1-0


[Site "https://www.chess.com"]

[Event "Titled Tuesday Blitz August 24 2021"]
[White "Anuj Shrivatri"]
[Black "Svane, Rasmus"]
[WhiteFideId "35070924"]
[BlackFideId "4657101"]
[WhiteElo "2038"]
[BlackElo "2669"]
[Result "0-1"]
[Round "04"]
[TimeControl "180+1"]
[Date "2021.08.24"]
[WhiteClock "0:00:09"]
[BlackClock "0:00:08"]

1. d4 d5 2. c4 e6 3. Nf3 a6 4. Bg5 Be7 5. Bxe7 Nxe7 6. Nbd2 O-O 7. g3 Nd7 8. Bg2 c5 9. cxd5 Nxd5 10. O-O b5 11. Rc1 c4 12. Nb1 Bb7 13. b3 cxb3 14. axb3 Qb6 15. Qd2 a5 16. Rfe1 b4 17. e4 N5f6 18. e5 Nd5 19. Qg5 a4 20. Nbd2 axb3 21. Nxb3 Ra3 22. Nbd2 Qd8 23. Qxd8 Rxd8 24. Nc4 Ra2 25. Nd6 Ba6 26. Ng5 Nc3 27. Bf3 Rf8 28. Nge4 Nd5 29. Ng5 Nc3 30. Nge4 Ne2+ 31. Bxe2 Bxe2 32. Rc7 Nb6 33. Ng5 Bh5 34. Rb7 Nd5 35. Rc1 h6 36. Nge4 Bf3 37. Nc5 Nc3 38. Re1 Ne2+ 39. Kf1 Bxb7 40. Ncxb7 Nxd4 41. Rb1 b3 42. Ne4 Rb8 43. Nec5 b2 44. Kg2 Nb5 45. Rd1 Nc3 0-1


[Site "https://www.chess.com"]

[Event "Titled Tuesday Blitz August 24 2021"]
[White "Arabidze, Meri"]
[Black "Balakrishnan, Praveen"]
[WhiteFideId "13604040"]
[BlackFideId "2064871"]
[WhiteElo "2432"]
[BlackElo "2237"]
[Result "0-1"]
[Round "04"]
[TimeControl "180+1"]
[Date "2021.08.24"]
[WhiteClock "0:01:54"]
[BlackClock "0:02:02"]

1. Nf3 g6 2. g3 Bg7 3. Bg2 d6 4. O-O e5 5. d3 f5 6. c4 Nf6 7. Nc3 O-O 8. Ne1 c6 9. Nc2 a5 10. d4 e4 11. d5 c5 12. Bf4 Nh5 13. Be3 Nd7 14. Nb5 Ne5 15. b3 Ng4 16. Rb1 f4 17. Bd2 e3 18. fxe3 fxg3 19. hxg3 Nxg3 20. Rxf8+ Qxf8 21. Be1 Be5 22. Bf3 Qh6 0-1


[Site "https://www.chess.com"]

[Event "Titled Tuesday Blitz August 24 2021"]
[White "Aradhya, Garg"]
[Black "Al Hosani, Omran"]
[WhiteFideId "25006746"]
[BlackFideId "9308733"]
[WhiteElo "2146"]
[BlackElo "2259"]
[Result "1-0"]
[Round "04"]
[TimeControl "180+1"]
[Date "2021.08.24"]
[WhiteClock "0:00:48"]
[BlackClock "0:00:08"]

1. d4 Nf6 2. c4 g6 3. g3 d5 4. cxd5 Nxd5 5. Bg2 Bg7 6. Nf3 O-O 7. e4 Nb6 8. O-O Nc6 9. d5 Na5 10. Qe1 Nac4 11. Nc3 c6 12. b3 Nd6 13. dxc6 bxc6 14. Bf4 Ba6 15. e5 Bxf1 16. exd6 Bxg2 17. dxe7 Qd3 18. exf8=Q+ Rxf8 19. Kxg2 Bxc3 20. Rd1 Qc2 21. Rc1 Bxe1 22. Rxc2 Bb4 23. Rxc6 Re8 24. Be3 Rc8 25. Ne5 Re8 26. Nc4 Nxc4 27. bxc4 a5 28. c5 Kg7 29. Rb6 Rc8 30. c6 Kf6 31. c7+ Ke7 32. Bf4 Kd7 33. Ra6 f6 34. Rxf6 Ke7 35. Rb6 Kd7 36. h4 Be7 37. Rb5 a4 38. h5 a3 39. hxg6 hxg6 40. Rb8 g5 41. Be5 g4 42. f3 gxf3+ 43. Kxf3 Bc5 44. g4 Ba7 45. g5 Bxb8 46. cxb8=Q Rxb8 47. Bxb8 Ke6 48. Ke4 Kf7 49. Kf5 Kg7 50. g6 Kg8 51. Kf6 Kf8 52. g7+ Kg8 53. Be5 Kh7 54. Kf7 Kh6 55. g8=Q 1-0


[Site "https://www.chess.com"]

[Event "Titled Tuesday Blitz August 24 2021"]
[White "Azaladze, Shota"]
[Black "Bouchet, Sebastien"]
[WhiteFideId "13603027"]
[BlackFideId "623571"]
[WhiteElo "2452"]
[BlackElo "2469"]
[Result "0-1"]
[Round "04"]
[TimeControl "180+1"]
[Date "2021.08.24"]
[WhiteClock "0:02:25"]
[BlackClock "0:01:34"]

1. b3 c5 2. Bb2 Nc6 3. Nf3 d5 4. e3 a6 5. d4 Nf6 6. Bd3 Bg4 7. O-O e6 8. Nbd2 cxd4 9. exd4 Be7 10. a3 O-O 11. Qe2 Rc8 12. Rfe1 b5 13. a4 Nb4 14. axb5 Nxd3 15. Qxd3 Bf5 16. Qe3 Rxc2 17. Nh4 Rxb2 18. Nxf5 Bb4 0-1


[Site "https://www.chess.com"]

[Event "Titled Tuesday Blitz August 24 2021"]
[White "Batsuren, Dambasuren"]
[Black "Delorme, Alban"]
[WhiteFideId "4902920"]
[BlackFideId "623636"]
[WhiteElo "2371"]
[BlackElo "2197"]
[Result "1-0"]
[Round "04"]
[TimeControl "180+1"]
[Date "2021.08.24"]
[WhiteClock "0:02:05"]
[BlackClock "0:00:33"]

1. d4 d5 2. c4 e6 3. Nc3 Nf6 4. Nf3 Be7 5. Bf4 b6 6. e3 O-O 7. Bd3 dxc4 8. Bxc4 Bb7 9. O-O c5 10. Qe2 a6 11. Rfd1 Nbd7 12. dxc5 Bxc5 13. Na4 Qc8 14. Rac1 a5 15. Bb5 Ba6 16. Bd6 Bxb5 17. Qxb5 Rd8 18. Be7 Re8 19. Bxf6 Nxf6 20. Nxb6 Bxb6 21. Rxc8 1-0


[Site "https://www.chess.com"]

[Event "Titled Tuesday Blitz August 24 2021"]
[White "Bilan, Danila"]
[Black "Lazavik, Denis"]
[WhiteFideId "24161918"]
[BlackFideId "13515110"]
[WhiteElo "2164"]
[BlackElo "2436"]
[Result "1/2-1/2"]
[Round "04"]
[TimeControl "180+1"]
[Date "2021.08.24"]
[WhiteClock "0:00:07"]
[BlackClock "0:00:06"]

1. d4 d5 2. Nf3 Nf6 3. c4 c6 4. Nc3 dxc4 5. a4 Bf5 6. e3 e6 7. Bxc4 Bb4 8. O-O O-O 9. Qe2 Bg6 10. Bd3 Nbd7 11. Bxg6 hxg6 12. Rd1 Qe7 13. e4 e5 14. d5 cxd5 15. Nxd5 Nxd5 16. Rxd5 a5 17. Bg5 f6 18. Be3 Rfd8 19. Rad1 Nf8 20. Qb5 Rxd5 21. Rxd5 Rc8 22. h3 Rc6 23. Nd2 Ne6 24. Nb3 Nc7 25. Qxb7 Nxd5 26. Qxc6 Nxe3 27. fxe3 Kh7 28. Qd5 Qc7 29. Qd3 Qc6 30. h4 Qxa4 31. Kh2 Qc6 32. Na1 Qe6 33. Nc2 Be7 34. Qd5 Qg4 35. Qxa5 Qxh4+ 36. Kg1 Qxe4 37. Qd2 Qc4 38. Qf2 Qb3 39. Ne1 Bc5 40. Nc2 Qd3 41. Kh2 Kg8 42. b4 Bb6 43. g3 g5 44. Qg2 g4 45. Qa8+ Kh7 46. Qg2 e4 47. Qf2 f5 48. Qxf5+ g6 49. Qf7+ Kh6 50. Qf8+ Kg5 51. Qf4+ Kh5 52. Qe5+ Kh6 53. Qh8+ Kg5 54. Qe5+ Kh6 55. Qh8+ Kg5 56. Qe5+ Kh6 1/2-1/2


[Site "https://www.chess.com"]

[Event "Titled Tuesday Blitz August 24 2021"]
[White "Bok, Benjamin"]
[Black "Darini, Pouria"]
[WhiteFideId "1017063"]
[BlackFideId "12502200"]
[WhiteElo "2658"]
[BlackElo "2489"]
[Result "1-0"]
[Round "04"]
[TimeControl "180+1"]
[Date "2021.08.24"]
[WhiteClock "0:00:30"]
[BlackClock "0:00:02"]

1. d4 Nf6 2. c4 g6 3. Nf3 Bg7 4. g3 O-O 5. Bg2 d5 6. O-O c6 7. b3 Bf5 8. Bb2 Nbd7 9. e3 a5 10. Nc3 Ne4 11. Qe2 Nxc3 12. Bxc3 Be4 13. cxd5 cxd5 14. Qb5 Qc7 15. Rfc1 Qc6 16. Qxc6 bxc6 17. Ne1 Rfc8 18. Bh3 Bf5 19. Bxf5 gxf5 20. Nd3 c5 21. dxc5 Nxc5 22. Nxc5 Rxc5 23. Bxg7 Rxc1+ 24. Rxc1 Kxg7 25. Rc5 e6 26. a4 Kf6 27. Rb5 Rc8 28. Rxa5 Rb8 29. Rb5 Rxb5 30. axb5 Ke5 31. Kf1 Kd6 32. b4 Kc7 33. Ke2 Kb6 34. Kd3 Kxb5 35. Kc3 e5 36. Kb3 f6 37. f3 d4 38. exd4 exd4 39. h3 h6 40. g4 fxg4 41. hxg4 d3 42. Kc3 d2 43. Kxd2 Kxb4 44. Kd3 Kc5 45. Ke4 Kd6 46. Kf5 Ke7 47. Kg6 Ke6 48. Kxh6 1-0


[Site "https://www.chess.com"]

[Event "Titled Tuesday Blitz August 24 2021"]
[White "Borsuk, Konstantin"]
[Black "Dmitrenko, Viktor"]
[WhiteFideId "14113406"]
[BlackFideId "14110270"]
[WhiteElo "2382"]
[BlackElo "2338"]
[Result "1-0"]
[Round "04"]
[TimeControl "180+1"]
[Date "2021.08.24"]
[WhiteClock "0:00:08"]
[BlackClock "0:00:02"]

1. d4 e6 2. c4 d5 3. Nc3 a6 4. e3 Nf6 5. Nf3 dxc4 6. Bxc4 b5 7. Bd3 b4 8. Ne4 Nbd7 9. Ng3 Bb7 10. e4 c5 11. e5 Nd5 12. Bg5 Qb6 13. O-O cxd4 14. Rc1 h6 15. Bd2 Nc5 16. Bb1 d3 17. Re1 Be7 18. Rc4 a5 19. Rg4 g5 20. Ne4 O-O-O 21. Nxc5 Bxc5 22. Rf1 Ne7 23. a3 Kb8 24. axb4 axb4 25. Qb3 Bxf3 26. gxf3 Nc6 27. Kg2 Rd5 28. Rc1 Rhd8 29. Qa4 Nxe5 30. Re4 f5 31. Ree1 Bxf2 32. Rxe5 Rxe5 33. Rc6 Qd4 34. Ra6 Qd5 35. Ba2 Qb7 36. Rxe6 Rxe6 37. Bxe6 Bc5 38. Bxf5 h5 39. Be4 Qa7 40. Qb5+ Qb6 41. Qa4 Qa7 42. Qc6 Qb6 43. Qa8+ Kc7 44. Qa2 Kb8 45. Bxg5 Rf8 46. h4 Re8 47. Qd5 Kc7 48. Qxd3 Qd6 49. Qc4 Qe5 50. b3 Qb2+ 51. Kh3 Qe5 52. Qf7+ 1-0


[Site "https://www.chess.com"]

[Event "Titled Tuesday Blitz August 24 2021"]
[White "Cunha, Lucas Aguiar"]
[Black "Svane, Frederik"]
[WhiteFideId "2125404"]
[BlackFideId "12923044"]
[WhiteElo "2361"]
[BlackElo "2459"]
[Result "1/2-1/2"]
[Round "04"]
[TimeControl "180+1"]
[Date "2021.08.24"]
[WhiteClock "0:00:04"]
[BlackClock "0:00:04"]

1. e4 c5 2. Nf3 e6 3. d4 cxd4 4. Nxd4 Nc6 5. Nc3 Qc7 6. Ndb5 Qb8 7. Be3 a6 8. Bb6 axb5 9. Nxb5 Bb4+ 10. c3 Ba5 11. Nd6+ Kf8 12. Bc5 Nge7 13. Qh5 g6 14. Qh6+ Kg8 15. f4 f6 16. Ne8 Kf7 17. Qg7+ Kxe8 18. Qxh8+ Kf7 19. Qxh7+ Ke8 20. g3 d6 21. Be3 Bd7 22. Bb5 Kd8 23. Qh8+ Kc7 24. Qxf6 Bb6 25. Bxb6+ Kxb6 26. a4 Kc7 27. O-O-O Qa7 28. Rd3 Qc5 29. Rhd1 d5 30. Kb1 Rd8 31. b4 Qf2 32. c4 Nxb4 33. R3d2 Qe3 34. cxd5 Qb3+ 35. Qb2 Qxb2+ 36. Rxb2 Bxb5 37. Rxb4 Be8 38. Rc4+ Bc6 39. d6+ Rxd6 40. Rxd6 Kxd6 41. Kc2 Kc7 42. Kd3 Nc8 43. Ke3 Nb6 44. Rd4 Nxa4 45. g4 Nc5 46. h4 Nd7 47. e5 b5 48. h5 gxh5 49. gxh5 Bd5 50. h6 Nf8 51. Rd1 b4 52. Rg1 b3 53. Kd3 Kc6 54. Kc3 Kc5 55. Rg8 Nh7 56. Rc8+ Kb6 57. Rb8+ Kc7 58. Rh8 Be4 59. Kxb3 Bf5 60. Kc3 Kd7 61. Kd4 Ke7 62. Ra8 Kf7 63. Kc5 Kg6 64. Kd6 Kxh6 65. Rg8 Kh5 66. Ke7 Kh6 67. Rg1 Kh5 68. Kf7 Kh4 69. Rg7 Kh3 70. Rxh7+ Bxh7 71. Kxe6 Kg4 72. Kf6 Bf5 73. e6 Bxe6 74. Kxe6 Kxf4 1/2-1/2


[Site "https://www.chess.com"]

[Event "Titled Tuesday Blitz August 24 2021"]
[White "Damjanovic, Vladimir"]
[Black "ChessMood"]
[WhiteFideId "903795"]
[WhiteElo "2374"]
[BlackElo "2796"]
[Result "1-0"]
[Round "04"]
[TimeControl "180+1"]
[Date "2021.08.24"]
[WhiteClock "0:00:06"]
[BlackClock "0:00:22"]

1. e4 c5 2. Nf3 d6 3. d4 cxd4 4. Nxd4 Nf6 5. Nc3 a6 6. Rg1 h5 7. h3 g6 8. g4 hxg4 9. hxg4 Nc6 10. Be3 Bg7 11. Be2 Bd7 12. Qd2 Rc8 13. O-O-O Qa5 14. Kb1 Ne5 15. g5 Nfg4 16. Nb3 Qd8 17. Bd4 Kf8 18. f4 Nc4 19. Bxg7+ Kxg7 20. Bxc4 Rxc4 21. Qe2 Qc8 22. Nd5 Rh2 23. Rg2 Rxg2 24. Qxg2 Qd8 25. Nd2 Rd4 26. Qg1 e5 27. c3 Rd3 28. Kc2 Rh3 29. Qg2 Rh2 30. Qg3 Qa5 31. Kb1 Qa4 32. b3 Qb5 33. c4 Qc5 34. Nf6 Qf2 35. Qxf2 Nxf2 36. Rf1 Bc6 37. Nf3 Rg2 38. Nh4 Nxe4 39. Nxg2 Nd2+ 40. Kc2 Nxf1 41. fxe5 Bxg2 42. exd6 Bc6 43. d7 Bxd7 44. Nxd7 Ne3+ 45. Kd3 Nf5 46. Nf6 Kf8 47. Ke4 Ng7 48. Ke5 Ne6 49. Ne4 Ke7 50. c5 Kd7 51. b4 Kc6 52. a4 a5 53. b5+ Kc7 54. Kf6 Nd8 55. Ke7 Kc8 56. Nd6+ Kc7 57. Nxf7 b6 58. cxb6+ 1-0


[Site "https://www.chess.com"]